 Dungeon Crawl Stone Soup version 0.16.2-3-ga078185 (webtiles) character file.

58 gorblad the Firebug (level 3, -16/19 HPs)
             Began as a Deep Elf Fire Elementalist on Sept 8, 2015.
             Killed from afar by a jackal (35 damage)
             ... with an exploding inner flame
             ... hexed by the player character
             ... on level 2 of the Dungeon.
             The game lasted 00:09:49 (1639 turns).

gorblad the Firebug (Deep Elf Fire Elementalist)    Turns: 1639, Time: 00:09:50

Health: -16/19     AC:  3    Str:  5    XL:     3   Next: 76%
Magic:  3/11       EV: 13    Int: 20    God:
Gold:   32         SH:  0    Dex: 15    Spells: 4 memorised, 0 levels left

rFire  . . .     SeeInvis .     q - +0 glaive
rCold  . . .     Clarity  .     f - +0 robe
rNeg   . . .     SustAb   .     (no shield)
rPois  .         Gourm    .     (no helmet)
rElec  .         Spirit   .     (no cloak)
rCorr  .         Warding  .     (no gloves)
rMut   .         Stasis   .     e - +0 pair of boots
MR     .....                    (no amulet)
Stlth  ++........               (no ring)
                                (no ring)

@: not resistant to hostile enchantments, unstealthy
A: no striking features
a: no special abilities


You were on level 2 of the Dungeon.
You were not hungry.

You visited 1 branch of the dungeon, and saw 2 of its levels.

You collected 32 gold pieces.

Inventory:

Hand weapons
 g - a +0 dagger
 q - a +0 glaive (weapon)
Armour
 a - a +0 robe
 e - a +0 pair of boots (worn)
 f - a +0 robe (worn)
Jewellery
 h - a +2 ring of evasion {unknown}
 r - an uncursed ring of stealth {unknown}
Scrolls
 i - 3 scrolls of identify {unknown}
 j - a scroll of noise {unknown}
 k - a scroll of enchant weapon {unknown}
 n - a scroll of amnesia {unknown}
Potions
 l - 2 potions of heal wounds {unknown}
 t - a potion of restore abilities {unknown}
Books
 b - a book of Flames

   Spells                             Type                      Level
   a - Flame Tongue                   Conjuration/Fire             1
   b - Throw Flame                    Conjuration/Fire             2
   c - Conjure Flame                  Conjuration/Fire             3
   d - Inner Flame                    Hexes/Fire                   3
   e - Sticky Flame                   Conjuration/Fire             4
   f - Fireball                       Conjuration/Fire             5
Comestibles
 c - 5 bread rations
 d - a royal jelly
 m - 7 chunks of flesh
 o - a slice of pizza
 p - 2 fruits
 s - a meat ration


   Skills:
 + Level 2.7 Dodging
 + Level 3.0 Stealth
 + Level 3.7 Spellcasting
 + Level 1.4 Conjurations
 + Level 4.2 Fire Magic


You couldn't memorise any spells.
You knew the following spells:

 Your Spells              Type           Power        Failure   Level  Hunger
a - Flame Tongue          Conj/Fire      ###..        4%          1    None
b - Throw Flame           Conj/Fire      ###...       10%         2    ##.....
c - Conjure Flame         Conj/Fire      ###.....     14%         3    ###....
d - Inner Flame           Hex/Fire       ##......     17%         3    ###....


Dungeon Overview and Level Annotations

Branches:
Dungeon (2/15)

Altars:

Annotations:
D:2 Ijyb


Message History

Press: ? - help, Shift-Dir - straight line, f/p - jackal
Aim: a jackal (inner flame)
The puff of flame hits the jackal.
The jackal is lightly wounded.
Ijyb shouts!
The jackal barely misses you.
Casting: Throw Flame
Confirm with . or Enter, or press ? or * to list all spells.
You don't know that spell.
The jackal bites you but does no damage.
Casting: Throw Flame
Confirm with . or Enter, or press ? or * to list all spells.
Aiming: Throw Flame
Press: ? - help, Shift-Dir - straight line, f/p - jackal
Aim: a jackal (inner flame)
The puff of flame hits the jackal.
The jackal explodes!
The fiery explosion engulfs you!
Ouch! That really hurt!
You die...

####................ ...#..
..................... ##...
#.................. .#....
#................g.......#..
#......................##...
#..................?........
###......†.....h....##..#...
#........§h§..........>...
###.###..@.§.......#.(#... #.#
####.§$.####..#.#... ######.#
##.......[.#.......
##<.....####...##.###.##.#.##.
##.(.....#......##.#...........
#.............[......#.##..##..
#..........###########.###.....
##.........# #..####...
##........# ##....#...


You could see Ijyb and 2 jackals.

Vanquished Creatures
  A gnoll (D:1)
  An adder (D:2)
  2 worms (D:2)
  A giant gecko (D:2)
  An ooze (D:2)
  A ball python (D:1)
  2 hobgoblins
  7 jackals (D:2)
  3 bats
  A giant newt (D:2)
  A goblin (D:1)
  4 kobolds
  A rat (D:2)
26 creatures vanquished.

Notes
Turn   | Place    | Note
--------------------------------------------------------------
     0 | D:1      | gorblad, the Deep Elf Fire Elementalist, began the quest for the Orb.
     0 | D:1      | Reached XP level 1. HP: 10/10 MP: 5/5
   415 | D:1      | Reached XP level 2. HP: 12/15 MP: 0/8
  1121 | D:2      | Reached XP level 3. HP: 8/19 MP: 5/11
  1326 | D:2      | Reached skill level 4 in Fire Magic
  1514 | D:2      | Learned a level 2 spell: Throw Flame
  1518 | D:2      | Learned a level 3 spell: Conjure Flame
  1522 | D:2      | Learned a level 3 spell: Inner Flame
  1637 | D:2      | Noticed Ijyb
  1639 | D:2      | Killed from afar by a jackal

Action                   || total
-------------------------++-------
 Cast: Flame Tongue      ||    48
       Throw Flame       ||     5
       Inner Flame       ||     1
  Eat: Chunk             ||     2
